 Dungeon Crawl Stone Soup version 0.30-a0-587-gfd7c166f36 (webtiles) character file.

Game seed: 1682723465840962057

872 Querens the Sneak (level 7, 0/32 HPs)
             Began as a Spriggan Enchanter on Jan 4, 2023.
             Slain by Prince Ribbit (8 damage)
             ... on level 6 of the Dungeon.
             The game lasted 00:14:11 (3473 turns).

Querens the Sneak (Spriggan Enchanter)              Turns: 3473, Time: 00:14:12

Health: 0/32       AC:  4    Str:  4    XL:     7   Next: 74%
Magic:  4/16       EV: 20    Int: 17    God:
Gold:   250        SH:  0    Dex: 17    Spells: 5/16 levels left

rFire   . . .      SeeInvis +    a - +1 dagger
rCold   . . .      Faith    .    (no shield)
rNeg    + . .      Spirit   .    B - +1 robe {rN+}
rPois   .          Reflect  .    (helmet restricted)
rElec   .          Harm     .    m - +0 cloak
rCorr   .          Rampage  .    (gloves unavailable)
Will    +....                    (boots unavailable)
Stlth   ++++                     (no amulet)
HPRegen 0.25/turn                (no ring)
MPRegen 0.15/turn                (no ring)

@: invisible, very quick
A: very small, no large weapons, unfitting armour, see invisible, speed 3
a: no special abilities


You were on level 6 of the Dungeon.
You visited 1 branch of the dungeon, and saw 6 of its levels.
You also visited: Sewer.

You collected 250 gold pieces.

Inventory:

Hand Weapons
 a - a +1 dagger (weapon)
Missiles
 r - 2 poisoned darts (quivered)
Armour
 m - a +0 cloak (worn)
 n - a +0 buckler
 B - a +1 robe of positive energy (worn)
Jewellery
 t - a ring of ice
Wands
 y - a wand of polymorph (14)
 z - a wand of digging (7)
Scrolls
 b - a scroll of enchant weapon {unknown}
 e - 2 scrolls of magic mapping {unknown}
 i - a scroll of vulnerability {unknown}
 k - 2 scrolls of poison {unknown}
 l - 2 scrolls of silence {unknown}
 o - 3 scrolls of identify {unknown}
 p - 4 scrolls of teleportation {unknown}
 s - a scroll of immolation {unknown}
 u - a scroll of blinking {unknown}
 A - a scroll of enchant armour {unknown}
 C - a scroll of brand weapon {unknown}
 D - a scroll of torment {unknown}
Potions
 c - a potion of invisibility
 d - 6 potions of curing {unknown}
 f - a potion of brilliance {unknown}
 g - a potion of might {unknown}
 h - 3 potions of degeneration {unknown}
 j - a potion of magic {unknown}
 q - 2 potions of flight {unknown}
 v - 3 potions of attraction {unknown}
 w - a potion of heal wounds {unknown}
 x - a potion of resistance {unknown}


   Skills:
 + Level 4.2 Short Blades
 + Level 5.7 Dodging
 + Level 7.7 Stealth
 + Level 5.4 Spellcasting
 + Level 5.9 Hexes


You had 5 spell levels left.
You knew the following spells:

 Your Spells              Type           Power      Damage    Failure   Level
a - Ensorcelled Hibernat  Hex/Ice        28%        N/A       6%          2
b - Confusing Touch       Hex            24%        N/A       3%          3
c - Tukima's Dance        Hex            24%        N/A       3%          3
d - Dazzling Flash        Conj/Hex       28%        N/A       12%         3

Your spell library contained the following spells:

 Spells                   Type           Power      Damage    Failure   Level
 Gell's Gravitas          Tloc           4%         N/A       38%         3
 Hailstorm                Conj/Ice       4%         3d4       38%         3
 Lesser Beckoning         Tloc           8%         N/A       38%         3
 Teleport Other           Tloc           4%         N/A       38%         3
 Animate Dead             Necr           4%         N/A       80%         4
 Ice Form                 Ice/Tmut       4%         N/A       80%         4
 Simulacrum               Ice/Necr       2%         N/A       100%        6
 Haunt                    Necr/Summ      2%         N/A       100%        7
 Infestation              Necr           2%         N/A       100%        8
 Chain Lightning          Conj/Air       2%         3d2       100%        9
 Fire Storm               Conj/Fire      2%         8d1       100%        9
 Shatter                  Erth           2%         3d6*      100%        9


Dungeon Overview and Level Annotations

Branches:
Dungeon (6/15)              Sewer (visited)
 Temple: D:4-7

Altars:
Cheibriados
Nemelex Xobeh
Okawaru

Annotations:
D:6 Prince Ribbit


Innate Abilities, Weirdness & Mutations

You are very small and have problems with some larger weapons.
You are too small for most types of armour.
You have supernaturally acute eyesight. (SInv)
You cover ground extremely quickly. (Speed+++)


Message History

Prince Ribbit easily resists.
Prince Ribbit croaks regally.
Casting: Ensorcelled Hibernation (safe; 6% risk of failure)
Confirm with . or Enter, or press ? or * to list all spells.
Aiming: Ensorcelled Hibernation (safe; 6% risk of failure)
Press: ? - help, Shift-Dir - straight line, f/p - Prince Ribbit
Aim: Prince Ribbit (chance to affect: 30%) Prince Ribbit easily resists.
Prince Ribbit hits you. Prince Ribbit hits you!
Casting: Ensorcelled Hibernation (safe; 6% risk of failure)
Confirm with . or Enter, or press ? or * to list all spells.
Aiming: Ensorcelled Hibernation (safe; 6% risk of failure)
Press: ? - help, Shift-Dir - straight line, f/p - Prince Ribbit
Aim: Prince Ribbit (chance to affect: 30%) Prince Ribbit easily resists.
Prince Ribbit hits you!
* * * LOW HITPOINT WARNING * * *
You fade into invisibility!
Prince Ribbit barely misses you.
You see here an adder corpse.
Casting: Ensorcelled Hibernation (safe; 6% risk of failure)
Confirm with . or Enter, or press ? or * to list all spells.
Aiming: Ensorcelled Hibernation (safe; 6% risk of failure)
Press: ? - help, Shift-Dir - straight line, f/p - Prince Ribbit
Aim: Prince Ribbit (unable to see you, chance to affect: 30%) Prince Ribbit easily resists.
Casting: Ensorcelled Hibernation (safe; 6% risk of failure)
Confirm with . or Enter, or press ? or * to list all spells.
Aiming: Ensorcelled Hibernation (safe; 6% risk of failure)
Press: ? - help, Shift-Dir - straight line, f/p - Prince Ribbit
Aim: Prince Ribbit (unable to see you, chance to affect: 30%) Prince Ribbit easily resists.
Prince Ribbit catches a butterfly with his tongue.
Casting: Ensorcelled Hibernation (safe; 6% risk of failure)
Confirm with . or Enter, or press ? or * to list all spells.
Aiming: Ensorcelled Hibernation (safe; 6% risk of failure)
Press: ? - help, Shift-Dir - straight line, f/p - Prince Ribbit
Aim: Prince Ribbit (unable to see you, chance to affect: 30%) Prince Ribbit looks drowsy...
Prince Ribbit gives a loud, deep croak!
Prince Ribbit hits you!
You die...

.# #####.# .....
.... #.. #.# #.#
#.# #@# #F#
#.##### #.....##
##......##
#.###........#
#........)...###
#####<..........
##......####


You could see Prince Ribbit (unable to see you).

Vanquished Creatures
  An ogre (D:4)
  A centaur (D:6)
  A phantom (D:5)
  2 necrophages
  A jelly (D:5)
  2 hounds
  Natasha (twice) (D:4)
  2 iguanas (D:5)
  An orc wizard (D:5)
  6 gnolls
  12 adders
  2 river rats
  A shadow imp (D:5)
  3 ufetubi
  A worm (D:3)
  2 dart slugs
  5 orcs
  7 bats
  12 endoplasms
  7 goblins
  8 hobgoblins
  5 jackals
  5 kobolds
  3 quokkas
  10 ball pythons
  6 frilled lizards
  7 rats
115 creatures vanquished.

Vanquished Creatures (others)
  3 plants (D:1)
3 creatures vanquished.

Grand Total: 118 creatures vanquished

Notes
Turn   | Place    | Note
-------+----------+-------------------------------------------
     0 | D:1      | Querens the Spriggan Enchanter began the quest for the Orb.
     0 | D:1      | Reached XP level 1. HP: 9/9 MP: 5/5
   156 | D:1      | Reached XP level 2. HP: 10/13 MP: 6/6
   164 | D:1      | Learned a level 2 spell: Ensorcelled Hibernation
   317 | D:1      | Reached XP level 3. HP: 14/16 MP: 3/8
   628 | D:1      | Reached skill level 5 in Stealth
   902 | D:2      | Reached XP level 4. HP: 21/21 MP: 2/10
   931 | D:2      | Learned a level 3 spell: Confusing Touch
   935 | D:2      | Learned a level 3 spell: Tukima's Dance
  1204 | D:3      | Found an iron altar of Okawaru.
  1466 | D:3      | Reached XP level 5. HP: 24/24 MP: 2/11
  1903 | D:3      | Found a faded altar of an unknown god.
  1933 | D:3      | Learned a level 3 spell: Dazzling Flash
  1995 | D:4      | Noticed Natasha
  2011 | D:4      | Killed Natasha
  2012 | D:4      | Reached skill level 6 in Stealth
  2068 | D:4      | Found a glowing drain.
  2072 | Sewer    | Entered a sewer
  2237 | Sewer    | Reached XP level 6. HP: 28/28 MP: 10/13
  2353 | D:4      | Noticed Natasha
  2370 | D:4      | Killed Natasha
  2420 | D:4      | Reached skill level 5 in Hexes
  2425 | D:4      | Found a snail-covered altar of Cheibriados.
  2626 | D:4      | Reached skill level 5 in Dodging
  2802 | D:5      | Entered Level 5 of the Dungeon
  2805 | D:5      | Noticed an ice beast
  2811 | D:5      | Reached XP level 7. HP: 20/32 MP: 12/15
  2846 | D:5      | Reached skill level 7 in Stealth
  2848 | D:5      | Reached skill level 5 in Spellcasting
  2896 | D:5      | Found a sparkling altar of Nemelex Xobeh.
  3446 | D:6      | Noticed Prince Ribbit
  3473 | D:6      | Slain by Prince Ribbit

Illustrated notes

Levels and vault maps discovered:
D:1:      nicolae_arrival_washed_ashore, layout_basic, serial_bayou_lagoon_a,
          minmay_tetromino_t4
D:2:      layout_basic
D:3:      layout_basic, lemuel_coloured_pillars_altar,
          chequers_ecumenical_altar_twisty, grunt_decor_mini_mirrors,
          minmay_fractal_squares_5
D:4:      layout_cave_pools, marbit_many_paths, gup_sewer_entry_bowl,
          grunt_ministairs_8, minmay_misc_feat_nine_boxes, st_stairs_8,
          minmay_fountain_box, uniq_natasha
D:5:      layout_loops_corners, nemelex_spade_bored_becter, st_stairs_11
D:6:      layout_loops_ring, minmay_temple_entry_statues_pillars,
          uniq_blork_the_orc, uniq_prince_ribbit1

Skill      XL: |  1  2  3  4  5  6  7 |
---------------+----------------------+-----
Dodging        | 3 4 5 |  5.7
Spellcasting   | 3 4 5 |  5.4
Hexes          | 4 5 |  5.9
Stealth        | 5 6 7 |  7.7
Short Blades   | 2 3 4 |  4.2

Action                   |  1- 3 |  4- 6 |  7- 9 || total
-------------------------+-------+-------+-------++-------
Melee: Dagger            |    90 |   227 |    44 ||   361
       Punch             |     2 |     1 |       ||     3
Throw: Dart              |       |     2 |       ||     2
 Cast: Ensorcelled Hiber |     8 |    33 |    11 ||    52
       Confusing Touch   |       |     1 |     4 ||     5
  Use: Potion            |       |       |     1 ||     1
 Stab: Sleeping          |    10 |    38 |     7 ||    55
       Confused          |       |     1 |     4 ||     5
Armor: Robe              |     4 |    33 |     2 ||    39
Dodge: Dodged            |    60 |   220 |    25 ||   305

Table legend: (Time is in decaauts)
 A = Elapsed time spent in this place.
 B = Non-inter-level travel time spent in this place.
 C = Inter-level travel time spent in this place.
 D = Time resting spent in this place.
 E = Time spent auto-exploring this place.
 F = Levels seen in this place.
 G = Mean time per level.
                   A        B        C        D        E       F      G
               +--------+--------+--------+--------+--------+-----+--------+
         Total |   2350 |   2235 |    115 |      6 |      0 |   7 |  335.7 |
       Dungeon |   2145 |   2030 |    115 |      6 |      0 |   6 |  357.5 |
         Sewer |    204 |    204 |      0 |      0 |      0 |   1 |  204.0 |
               +--------+--------+--------+--------+--------+-----+--------+

Top non-repeatable levels by time:
     D:3: 518 daAuts
     D:1: 484 daAuts
     D:4: 423 daAuts
     D:5: 403 daAuts
     D:2: 286 daAuts
   Sewer: 204 daAuts
     D:6: 28 daAuts
